 Dungeon Crawl Stone Soup version 0.31-a0-595-g4209ae197b (webtiles) character file.

Game seed: 13481893841640095195

2972 AdnanSaban the Basher (level 9, -3/57 HPs)
             Began as a Gargoyle Fighter on Aug 20, 2023.
             Was a Follower of Okawaru.
             Killed from afar by a rime drake (18 damage)
             ... with an icy flash freeze
             ... on level 7 of the Dungeon.
             The game lasted 00:08:21 (6486 turns).

AdnanSaban the Basher (Gargoyle Fighter)            Turns: 6486, Time: 00:08:21

Health: -3/57      AC: 21    Str: 25    XL:     9   Next: 82%
Magic:  7/9        EV: 11    Int:  8    God:    Okawaru [*.....]
Gold:   396        SH:  6    Dex:  9    Spells: 8/8 levels left

rFire   . . .        a - +0 flail
rCold   . . .        c - +0 buckler
rNeg    + . .        r - +0 chain mail
rPois   ∞            (no helmet)
rElec   +            (no cloak)
rCorr   .            p - +0 pair of gloves
SInv    .            o - +0 pair of boots
Will    .....        C - amulet of the acrobat Stlth
                     (no ring)
HPRegen 0.29/turn    (no ring)
MPRegen 0.11/turn

%: acrobat
@: heroic
A: sickness immunity, AC +6, negative energy resistance 1, electricity
resistance, torment resistance 1, petrification resistance
a: Renounce Religion, Heroism


You were on level 7 of the Dungeon.
You worshipped Okawaru.
Okawaru was aware of your devotion.
You visited 2 branches of the dungeon, and saw 8 of its levels.
You also visited: Sewer.

You collected 396 gold pieces.

Inventory:

Hand Weapons
 a - a +0 flail (weapon)
 w - a +0 morningstar
Missiles
 l - 19 poisoned darts (quivered)
 y - 2 boomerangs
Armour
 c - a +0 buckler (worn)
 o - a +0 pair of boots (worn)
 p - a +0 pair of gloves (worn)
 r - a +0 chain mail (worn)
Jewellery
 C - an amulet of the acrobat (around neck)
Scrolls
 e - 2 scrolls of immolation {unknown}
 f - a scroll of vulnerability {unknown}
 h - 4 scrolls of enchant armour {unknown}
 i - a scroll of fog {unknown}
 j - 3 scrolls of fear {unknown}
 k - 7 scrolls of identify {unknown}
 n - a scroll of noise {unknown}
 q - 6 scrolls of blinking {unknown}
 x - 2 scrolls of teleportation {unknown}
 z - a scroll of enchant weapon {unknown}
Potions
 b - 3 potions of curing {unknown}
 d - a potion of might
 g - 2 potions of heal wounds {unknown}
 m - a potion of degeneration {unknown}
 s - 2 potions of invisibility {unknown}
 t - a potion of experience {unknown}
 u - 2 potions of berserk rage {unknown}
 v - 2 potions of resistance {unknown}
 A - 3 potions of haste {unknown}
 B - a potion of ambrosia {unknown}
 D - a potion of cancellation {unknown}
 E - a potion of mutation {unknown}


   Skills:
 + Level 7.1(12.1) Fighting
 + Level 9.2(14.2) Maces & Flails
 + Level 1.2(6.2) Throwing
 + Level 7.0(12.0) Armour
 + Level 2.1(7.1) Dodging
 + Level 1.0(6.0) Stealth
 + Level 5.7(10.7) Shields


You had 8 spell levels left.
You didn't know any spells.
Your spell library contained the following spells:

 Spells                   Type           Power      Damage    Failure   Level
 Slow                     Hex            0%         N/A       88%         1
 Confusing Touch          Hex            0%         N/A       99%         3
 Vampiric Draining        Necr           0%         2d6       99%         3


Dungeon Overview and Level Annotations

Branches:
Dungeon (7/15)             Temple (1/1) D:6           Sewer (visited)

Altars:
Ashenzari
Dithmenos
Elyvilon
Fedhas
Gozag
Hepliaklqana
Kikubaaqudgha
Makhleb
Nemelex Xobeh
Okawaru
Qazlal
Ru
Sif Muna
Trog
Uskayaw
Vehumet
Wu Jian
Xom
Yredelemnul
Zin
The Shining One

Shops:
D:1 [*?*


Innate Abilities, Weirdness & Mutations

You are immune to sickness and miasma.
Your stone body is resilient. (AC +6)
You are immune to poison.
You resist negative energy. (rN+)
You are resistant to electric shocks. (rElec)
You are resistant to unholy torment.
You are immune to petrification.


Message History

The icy flash freeze misses you.
You hit the rime drake.
The rime drake is almost dead.
The rime drake bites you but does no damage. x2
You barely miss the rime drake.
The rime drake is almost dead.
The rime drake breathes ice at you. The icy flash freeze hits you!!
* * * LOW HITPOINT WARNING * * *
You are encased in ice.
The rime drake bites you but does no damage.
The rime drake bites you.
* * * LOW HITPOINT WARNING * * *
You gain the combat prowess of a mighty hero.
The rime drake bites you but does no damage.
The rime drake closely misses you.
You closely miss the rime drake.
The rime drake is almost dead.
The rime drake bites you but does no damage.
The rime drake closely misses you.
You closely miss the rime drake.
The rime drake is almost dead.
The rime drake bites you but does no damage. x2
You sock the rime drake!
You kill the rime drake!
Okawaru accepts your kill. The ice encasing you melts away.
Your base Fighting skill increases to level 7!
Your base Armour skill increases to level 7!
You thump the rime drake!
The rime drake is moderately wounded.
The rime drake bites you but does no damage.
You closely miss the rime drake.
The rime drake is lightly wounded.
The rime drake barely misses you.
You barely miss the rime drake.
The rime drake is lightly wounded.
The rime drake breathes ice at you. The icy flash freeze hits you!!
You die...

###...#.......#.###..#..##
...
#.......[.....#..##.###..
...
#......##.##..#...###[#..
#..#....#.##..#.#..#..####
###...........#.#....##...
#...........##...#..##...
#............#..###..##..
###......#...k.##.##..##.
#.....###.@###...##..##
##..... #..##....###..#
#......##..#.....# #..
##.......†.....### }
#............##
..##.......##...
###..........#
##....##...# ......# ...


You could see a rime drake (catching breath).

Vanquished Creatures
  Maggie (D:7)
  3 rime drakes (D:7)
  A water moccasin (D:7)
  3 black bears
  An ice beast (D:5)
  2 ogres (D:5)
  2 kobold brigands (Sewer)
  2 bullfrogs (D:6)
  2 scorpions (D:6)
  3 howler monkeys
  3 hounds
  6 orc priests
  6 iguanas
  3 orc wizards
  4 gnolls
  10 adders
  3 river rats (Sewer)
  A shadow imp (D:6)
  An ufetubus (D:6)
  6 worms
  A dart slug (D:2)
  22 orcs
  8 ball pythons
  8 bats
  11 endoplasms
  5 giant cockroaches
  7 goblins
  6 hobgoblins
  4 quokkas
  2 frilled lizards
  11 kobolds
  8 rats
156 creatures vanquished.

Notes
Turn   | Place    | Note
-------+----------+-------------------------------------------
     0 | D:1      | AdnanSaban the Gargoyle Fighter began the quest for the
                  | Orb.
     0 | D:1      | Reached XP level 1. HP: 14/14 MP: 1/1
   244 | D:1      | Reached XP level 2. HP: 19/19 MP: 2/2
   382 | D:1      | Found Ohanufie's Assorted Antiques.
   391 | D:1      | Found Jeikaisuwi's General Store.
   471 | D:1      | Found Xazyogon's Magic Scroll Shop.
   526 | D:1      | Found Kirynawn's Antique Armour Boutique.
   643 | D:2      | Reached XP level 3. HP: 23/23 MP: 3/3
  1323 | D:3      | Reached skill level 3 in Maces & Flails
  1432 | D:3      | Reached XP level 4. HP: 28/28 MP: 4/4
  1598 | D:3      | Reached XP level 5. HP: 22/33 MP: 5/5
  1779 | D:3      | Found a hazy altar of Hepliaklqana.
  2212 | D:4      | Reached skill level 4 in Maces & Flails
  2289 | D:4      | Found an ancient bone altar of Kikubaaqudgha.
  2324 | D:4      | Reached skill level 1 in Dodging
  2340 | D:4      | Reached XP level 6. HP: 29/38 MP: 6/6
  2489 | D:4      | Noticed a black bear
  2578 | D:3      | Killed a black bear
  2740 | D:4      | Reached skill level 5 in Maces & Flails
  2944 | D:4      | Noticed a black bear
  2944 | D:4      | You fall into a shaft and drop 2 floors!
  2950 | D:6      | Identified the +4 ring mail "Gucves" {rElec rC- Int+3
                  | Dex+4}
  2998 | D:6      | Reached XP level 7. HP: 44/44 MP: 7/7
  3195 | D:6      | Reached skill level 6 in Maces & Flails
  3296 | D:6      | Reached skill level 5 in Fighting
  3458 | D:6      | Reached skill level 5 in Armour
  3458 | D:6      | Reached XP level 8. HP: 49/49 MP: 8/8
  3504 | D:5      | Entered Level 5 of the Dungeon
  3512 | D:5      | Found a glowing drain.
  3540 | Sewer    | Entered a sewer
  4047 | Sewer    | Reached skill level 7 in Maces & Flails
  4047 | Sewer    | Reached skill level 5 in Shields
  4590 | D:5      | Found a glowing silver altar of Zin.
  4703 | D:4      | Found a shimmering blue altar of Sif Muna.
  4739 | D:4      | Found a blossoming altar of Fedhas.
  4977 | D:5      | Reached XP level 9. HP: 32/55 MP: 9/9
  5256 | D:5      | Found a shadowy altar of Dithmenos.
  5256 | D:5      | Found a sacrificial altar of Ru.
  5382 | D:6      | Found a staircase to the Ecumenical Temple.
  5399 | Temple   | Entered the Ecumenical Temple
  5406 | Temple   | Became a worshipper of Warmaster Okawaru
  5513 | D:6      | Found a sparkling altar of Nemelex Xobeh.
  5539 | D:6      | Found a stormy altar of Qazlal.
  6026 | D:6      | Reached skill level 8 in Maces & Flails
  6116 | D:7      | Found a broken altar of Ashenzari.
  6120 | D:7      | Noticed a moth of wrath
  6124 | D:7      | Found a bloodstained altar of Trog.
  6169 | D:7      | Identified the +6 spear "Nocsaschu" {heavy, rN+}
  6232 | D:7      | Noticed Maggie
  6258 | D:7      | Killed Maggie
  6290 | D:7      | Found the +4 skin of Zhor {*Englaciate rC+++ SInv}
  6292 | D:7      | Noticed a rime drake
  6293 | D:7      | Noticed a rime drake
  6367 | D:7      | Reached * piety under Okawaru
  6378 | D:7      | Killed a rime drake
  6388 | D:7      | Killed a rime drake
  6388 | D:7      | Reached ** piety under Okawaru
  6389 | D:7      | Reached skill level 9 in Maces & Flails
  6389 | D:7      | Reached skill level 1 in Throwing
  6389 | D:7      | Reached skill level 1 in Stealth
  6440 | D:7      | Noticed a rime drake
  6440 | D:7      | Noticed a rime drake
  6483 | D:7      | Killed a rime drake
  6486 | D:7      | Killed from afar by a rime drake

Illustrated notes

Levels and vault maps discovered:
D:1:      dpeg_arrival_shelter, layout_rooms, serial_shops,
          nicolae_shop_rolling_square, shop, nicolae_shop_tiny_real_fake_doors,
          shop
D:2:      layout_basic
D:3:      layout_basic, amcnicky_altar_gilded
D:4:      layout_loops_ring, mainiacjoe_overflow_boulevard, led_sif_pool,
          fedhas_altar_2
D:5:      layout_cave_pools, overflow_temple_1_default,
          gammafunk_temple_overflow_elements, gup_sewer_entry_glass
D:6:      minmay_inner_zag, layout_basic, nicolae_qazlal_scattered_showers,
          nemelex_diamond_rough_becter, minmay_temple_entry_antechambers,
          minmay_misc_feat_secret_circle
D:7:      layout_cave_pools, tgw_trog, ashenzari_altar_1,
          hangedman_abyss_or_decor_slice, hellmonk_guarded_unrand_zhor,
          uniq_maggie
Temple:   hellmonk_temple_micro_hex

Skill      XL: |  1  2  3  4  5  6  7  8  9 |
---------------+----------------------------+-----
Maces & Flails | 3 4 5 6 7 9 |  9.2
Armour         | 4 5 6 7 |  7.0
Shields        | 4 5 |  5.7
Dodging        | 1 2 |  2.1
Fighting       | 4 5 6 7 |  7.1
Throwing       | 1 |  1.2
Stealth        | 1 |  1.0

Action                     |  1- 3 |  4- 6 |  7- 9 || total
---------------------------+-------+-------+-------++-------
  Melee: Flail             |   153 |   179 |   474 ||   806
  Throw: Dart              |       |       |     9 ||     9
 Invoke: Heroism           |       |       |     1 ||     1
 Armour: Scale mail        |   102 |    29 |       ||   131
         Chain mail        |       |   113 |   284 ||   397
  Dodge: Dodged            |    87 |   102 |   164 ||   353
  Block: Buckler           |    52 |    58 |   100 ||   210

Table legend: (Time is in decaauts)
 A = Elapsed time spent in this place.
 B = Non-inter-level travel time spent in this place.
 C = Inter-level travel time spent in this place.
 D = Time resting spent in this place.
 E = Time spent auto-exploring this place.
 F = Levels seen in this place.
 G = Mean time per level.
                   A        B        C        D        E       F      G
               +--------+--------+--------+--------+--------+-----+--------+
         Total |   6759 |   6566 |    193 |    459 |   4330 |   9 |  751.0 |
       Dungeon |   5870 |   5677 |    193 |    459 |   3766 |   7 |  838.6 |
        Temple |     16 |     16 |      0 |      0 |      0 |   1 |   16.0 |
         Sewer |    872 |    872 |      0 |      0 |    564 |   1 |  872.0 |
               +--------+--------+--------+--------+--------+-----+--------+

Top non-repeatable levels by time:
     D:6: 1367 daAuts
     D:4: 1017 daAuts
     D:2: 893 daAuts
   Sewer: 872 daAuts
     D:5: 799 daAuts
     D:3: 793 daAuts
     D:1: 584 daAuts
     D:7: 413 daAuts
  Temple: 16 daAuts
